 Dungeon Crawl Stone Soup version 0.29-a0-284-gf9362112df (webtiles) character file.

Game seed: 2156162498091339048

67 domi the Magician (level 3, -4/24 HPs)
             Began as a Demonspawn Hedge Wizard on Mar 23, 2022.
             Was an Initiate of Gozag.
             Slain by an orc
             ... wielding a +0 mace
              (8 damage)
             ... on level 3 of the Dungeon.
             The game lasted 00:04:40 (2740 turns).

domi the Magician (Demonspawn Hedge Wizard)         Turns: 2740, Time: 00:04:40

Health: -4/24      AC:  2    Str: 10    XL:     3   Next: 98%
Magic:  0/8        EV: 12    Int: 17    God:    Gozag
Gold:   136        SH:  0    Dex: 12    Spells: 1/9 levels left

rFire   . . .      SeeInvis .   a - +0 dagger
rCold   . . .      Faith    .   (no shield)
rNeg    . . .      Spirit   +   b - +0 robe
rPois   .          Reflect  .   c - +0 hat
rElec   .          Harm     .   (no cloak)
rCorr   .          Rampage  .   (no gloves)
Will    .....                   (no boots)
Stlth   ++........              f - amulet of guardian spirit {Spirit}
HPRegen 0.08/turn               (no ring)
MPRegen 0.11/turn               (no ring)

@: gold aura, very slightly contaminated, invisible
A: foul stench 1, powered by death 1
a: Renounce Religion, Potion Petition, Call Merchant, Bribe Branch


You were on level 3 of the Dungeon.
You worshipped Gozag.
Gozag was aware of your devotion.
You visited 1 branch of the dungeon, and saw 3 of its levels.

You collected 152 gold pieces.
You paid 16 gold pieces to Gozag.

Inventory:

Hand Weapons
 a - a +0 dagger (weapon)
Armour
 b - a +0 robe (worn)
 c - a +0 hat (worn)
Magical Staves
 p - a staff of poison {rPois}
   (You found it on level 2 of the Dungeon)
Jewellery
 f - an amulet of guardian spirit (around neck) {Spirit}
   (You found it on level 1 of the Dungeon)
 k - a ring of positive energy {rN+}
   (You found it on level 1 of the Dungeon)
 r - an amulet of the acrobat
   (You found it on level 3 of the Dungeon)
Wands
 m - a wand of iceblast (6)
   (You found it on level 2 of the Dungeon)
Scrolls
 e - a scroll of fear {unknown}
 g - a scroll of noise {unknown}
 h - a scroll of summoning {unknown}
 i - a scroll of immolation {unknown}
 j - a scroll of vulnerability {unknown}
 n - a scroll of fog {unknown}
 o - a scroll of identify {unknown}
Potions
 d - 3 potions of magic
 l - a potion of mutation {unknown}


   Skills:
 - Level 1.7 Dodging
 - Level 1.7 Stealth
 + Level 3.5 Spellcasting
 * Level 3.2 Conjurations
 - Level 1.0 Summonings
 - Level 0.8 Translocations


You had one spell level left.
You knew the following spells:

 Your Spells              Type           Power      Damage    Failure   Level
b - Blink                 Tloc           10%        N/A       17%         2
c - Mephitic Cloud        Conj/Pois/Air  6%         N/A       32%         3
x - Call Imp              Summ           6%         N/A       17%         2
z - Magic Dart            Conj           56%        1d5       4%          1

Your spell library contained the following spells:

 Spells                   Type           Power      Damage    Failure   Level
 Slow                     Hex            12%        N/A       17%         1
 Conjure Flame            Conj/Fire      8%         6-21      26%         3


Dungeon Overview and Level Annotations

Branches:
Dungeon (3/15)

Altars:
Gozag

Shops:
D:1 (


Innate Abilities, Weirdness & Mutations

You may rarely emit foul miasma when damaged in melee.
You regenerate a little health from kills.


Message History

You now have 122 gold pieces (gained 8).
You now have 128 gold pieces (gained 6).
r - an amulet of the acrobat MP restored: 8 You now have 136 gold pieces (gained 8).
An orc comes into view. It is wielding a +0 hand axe.
The orc shouts!
An orc is nearby!
An orc is nearby!
An orc is nearby!
An orc is nearby!
Aim: an orc, wielding a +0 hand axe (100% to hit)
The magic dart hits the orc.
You now have 7/8 mp.
Aim: an orc, wielding a +0 hand axe (moderately wounded, 100% to hit)
You miscast Magic Dart.
You are very lightly contaminated with residual magic.
Nothing appears to happen.
Aim: an orc, wielding a +0 hand axe (moderately wounded, 100% to hit)
The magic dart hits the orc.
An orc comes into view. It is wielding a +0 dagger.
You now have 5/8 mp.
Aim: an orc, wielding a +0 hand axe (almost dead, 100% to hit)
The magic dart hits the orc.
You kill the orc!
The orc shouts!
You hear a shout!
Aim: an orc, wielding a +0 dagger (100% to hit)
The magic dart hits the orc.
An orc comes into view. It is wielding a +0 dagger.
You now have 3/8 mp.
A beastly little devil appears in a puff of flame.
You now have 1/8 mp.
An orc comes into view. It is wielding a +0 mace.
The orc hits your crimson imp with a +0 dagger.
Your crimson imp barely misses the orc.
Your magical contamination has completely faded away.
Your crimson imp closely misses the orc.
The orc closely misses your crimson imp.
The orc barely misses your crimson imp.
Your crimson imp hits the orc.
The orc barely misses your crimson imp.
Your crimson imp blinks!
What are your orders? t - Shout!
Orders for allies: a - Attack new target. p - Attack previous target. r - Retreat! s - Stop attacking. g - Guard the area. f - Follow me.
Anything else - Cancel.
Gang up on whom?
Aim: an orc, wielding a +0 dagger (severely wounded, ally target) Attack!
The orc closely misses your crimson imp.
Your crimson imp blinks!
Aim: an orc, wielding a +0 dagger (severely wounded, ally target, 100% to hit)
The magic dart hits the orc.
You now have 1/8 mp.
You hit the orc.
You kill the orc!
Your crimson imp blinks!
You barely miss the orc. The orc hits you with a +0 dagger.
You take 3 damage, and have 21/24 hp.
You hit the orc. Your punch misses the orc. You hit the orc but do no damage.
The orc hits you with a +0 dagger.
You take 1 damage, and have 21/24 hp.
The orc attacks as you move away! The orc barely misses you.
You closely miss the orc. The orc hits you but does no damage.
Aim: an orc, wielding a +0 dagger and wearing a +0 leather armour (lightly wounded, 100% to hit)
The magic dart hits the orc.
The orc hits you but does no damage.
You now have 1/8 mp.
Aim: an orc, wielding a +0 dagger and wearing a +0 leather armour (heavily wounded, 100% to hit)
The magic dart hits the orc.
The orc misses you.
You now have 0/8 mp.
You closely miss the orc. The orc misses you.
You hit the orc but do no damage. The orc barely misses you.
You closely miss the orc. The orc hits you with a +0 dagger.
You take 4 damage, and have 18/24 hp.
You hit the orc. The orc hits you with a +0 dagger.
You closely miss the orc. The orc hits you with a +0 dagger.
You take 3 damage, and have 15/24 hp.
You hit the orc but do no damage. The orc hits you with a +0 dagger.
You take 4 damage, and have 11/24 hp.
Aim: an orc, wielding a +0 dagger and wearing a +0 leather armour (severely wounded, 100% to hit)
You miscast Magic Dart.
You are very lightly contaminated with residual magic.
Nothing appears to happen.
The orc hits you with a +0 dagger.
* * * LOW HITPOINT WARNING * * *
You take 4 damage, and have 7/24 hp.
You now have 0/8 mp.
It was a potion of invisibility.
You fade into invisibility!
The orc misses you.
You strike the helpless orc from behind!
You hit the orc.
You kill the orc!
You catch the helpless orc completely off-guard!
You hit the orc. The orc barely misses you.
You barely miss the orc. The orc hits you with a +0 mace.
* * * LOW HITPOINT WARNING * * *
You take 4 damage, and have 4/24 hp.
You hit the orc but do no damage. The orc hits you with a +0 mace!
You die...
Your body crumbles into a pile of gold.

######### #.$.$.... #.#
#o# ####### #@# #.....#
######.#######
###.###.###.............
........................
###.#...).............#.
#.#.###.###.##........
#.#.....#.#...........
#.#...#...#.........#.
#.#[#.#...........#.#


You could see an orc (can't see you).

Vanquished Creatures
  An adder (D:2)
  3 dart slugs
  3 orcs (D:3)
  6 endoplasms
  4 giant cockroaches
  3 goblins
  6 hobgoblins
  A kobold (D:1)
  A quokka (D:2)
  5 ball pythons
  7 bats
  3 frilled lizards
  A rat (D:2)
44 creatures vanquished.

Notes
Turn   | Place    | Note
-------+----------+-------------------------------------------
     0 | D:1      | domi the Demonspawn Hedge Wizard began the quest for the
                  | Orb.
     0 | D:1      | Reached XP level 1. HP: 13/13 MP: 4/4
   261 | D:1      | HP: 3/13 [endoplasm (1)]
   528 | D:1      | Gained mutation: You regenerate a little health from kills.
                  | [demonic ancestry]
   528 | D:1      | Reached XP level 2. HP: 19/19 MP: 3/6
   681 | D:1      | Reached skill level 2 in Conjurations
   928 | D:1      | HP: 4/19 [kobold/+0 club (4)]
  1307 | D:1      | Found a faded altar of an unknown god.
  1526 | D:1      | Found Pomuin's Weapon Shop.
  1530 | D:1      | Gained mutation: You may rarely emit foul miasma when
                  | damaged in melee. [demonic ancestry]
  1530 | D:1      | Reached XP level 3. HP: 24/24 MP: 4/7
  1830 | D:2      | Learned a level 2 spell: Call Imp
  1833 | D:2      | Learned a level 2 spell: Blink
  1837 | D:2      | Learned a level 3 spell: Mephitic Cloud
  1890 | D:2      | Found an opulent altar of Gozag.
  1916 | D:2      | Became a worshipper of Gozag Ym Sagoz the Greedy
  2255 | D:2      | Reached skill level 3 in Conjurations
  2739 | D:3      | HP: 4/24 [orc/+0 mace (4)]
  2740 | D:3      | Slain by an orc

Illustrated notes

Levels and vault maps discovered:
D:1:      ncdulo_smallfort, layout_loops_ring, shapermc_ecumenical_altar_ellora,
          serial_shops, nicolae_shop_bloodbath_and_beyond
D:2:      layout_rooms, basic_altar
D:3:      layout_basic, led_sif_book

Skill      XL: |  1  2  3 |
---------------+----------+-----
Conjurations   | 2 3 |  3.2
Dodging        | |  1.7
Stealth        | |  1.7
Spellcasting   | |  3.5
Summonings     | |  1.0
Translocations | |  0.8

Action                   || total
-------------------------++-------
Melee: Dagger            ||    66
       Punch             ||     2
 Cast: Magic Dart        ||   109
       Call Imp          ||     1
  Use: Potion            ||     1
 Stab: Invisible         ||     2
Armor: Robe              ||    10
Dodge: Dodged            ||    38

Table legend: (Time is in decaauts)
 A = Elapsed time spent in this place.
 B = Non-inter-level travel time spent in this place.
 C = Inter-level travel time spent in this place.
 D = Time resting spent in this place.
 E = Time spent auto-exploring this place.
 F = Levels seen in this place.
 G = Mean time per level.
                   A        B        C        D        E       F      G
               +--------+--------+--------+--------+--------+-----+--------+
         Total |   2739 |   2683 |     56 |    275 |   2103 |   3 |  913.0 |
       Dungeon |   2739 |   2683 |     56 |    275 |   2103 |   3 |  913.0 |
               +--------+--------+--------+--------+--------+-----+--------+

Top non-repeatable levels by time:
     D:1: 1654 daAuts
     D:2: 906 daAuts
     D:3: 178 daAuts

Table legend:
 A = Kills in this place as a percentage of kills in entire the game.
 B = Kills by you in this place as a percentage of kills by you in the entire game.
 C = Kills by friends in this place as a percentage of kills by friends in the entire game.
 D = Other kills in this place as a percentage of other kills in the entire game.
 E = Experience gained in this place as a percentage of experience gained in the entire game.
 F = Experience gained in this place divided by the number of levels of this place that you have seen.
                   A       B       C       D       E      F
               +-------+-------+-------+-------+-------+----------------------
         Total | 100.0 | 100.0 |   N/A |   N/A | 100.0 |  32.0
       Dungeon | 100.0 | 100.0 |   N/A |   N/A | 100.0 |  32.0
               +-------+-------+-------+-------+-------+----------------------
